 Dungeon Crawl Stone Soup version 0.28.0 (webtiles) character file.

Game seed: 4534790472179391483

587 lonewolfV2 the Ruffian (level 7, -1/36 HPs)
             Began as a Vine Stalker Fighter on Feb 9, 2022.
             Succumbed to a scorpion's poison
             ... on level 4 of the Dungeon.
             The game lasted 00:06:17 (3204 turns).

lonewolfV2 the Ruffian (Vine Stalker Fighter)       Turns: 3204, Time: 00:06:17

Health: -1/36      AC:  9    Str: 18    XL:     7   Next: 38%
Magic:  4/8        EV: 12    Int:  8    God:
Gold:   129        SH:  6    Dex: 19    Spells: 6/6 levels left

rFire   . . .      SeeInvis .     - Unarmed
rCold   . . .      Faith    .   b - +0 buckler
rNeg    . . .      Spirit   +   g - +0 robe of the Little Devil {+Blink rElec Str-3 Dex+6}
rPois   .          Reflect  .   j - +2 helmet
rElec   +          Harm     .   (no cloak)
rCorr   .          Rampage  .   (no gloves)
Will    .....                   (no boots)
Stlth   ++........              (no amulet)
HPRegen 0.92/turn               f - +4 ring of protection
MPRegen 0.11/turn               (no ring)

@: mighty, lethally poisoned (-1 -> -5)
A: fangs 2, regeneration 1, magic shield, antimagic bite, no potion heal 2
a: Evoke Blink


You were on level 4 of the Dungeon.
You visited 1 branch of the dungeon, and saw 4 of its levels.

You collected 129 gold pieces.

Inventory:

Armour
 a - a +0 scale mail
 b - a +0 buckler (worn)
 g - the +0 robe of the Little Devil (worn) {+Blink rElec Str-3 Dex+6}
   (You found it on level 2 of the Dungeon)

   Str:       It affects your strength (-3).
   Dex:       It affects your dexterity (+6).
   rElec:     It insulates you from electricity.
   +Blink:    It lets you blink.
 j - a +2 helmet (worn)
Jewellery
 f - a +4 ring of protection (left hand)
Scrolls
 i - 3 scrolls of teleportation
 m - a scroll of magic mapping
Potions
 d - 2 potions of resistance
 e - a potion of brilliance
 n - a potion of attraction {unknown}


   Skills:
 + Level 3.4 Fighting
 + Level 3.0 Armour
 + Level 2.4 Dodging
 + Level 1.8 Stealth
 + Level 4.2 Shields
 + Level 4.9 Unarmed Combat


You had 6 spell levels left.
You didn't know any spells.
Your spell library was empty.

Dungeon Overview and Level Annotations

Branches:
Dungeon (4/15)
 Temple: D:4-7

Altars:

Annotations:
D:4 Natasha


Innate Abilities, Weirdness & Mutations

You have extremely sharp teeth.
Your natural rate of healing is unusually fast.
When hurt, damage is shared between your health and your magic reserves.
Your bite disrupts and absorbs the magic of your enemies.
Potions cannot restore your health.


Message History

The scorpion stings you but does no damage.
Your Shields skill increases to level 4!
You closely miss the scorpion. You bite the scorpion. You drain its power.
You feel invigorated.
The scorpion is severely wounded.
* * * LOW HITPOINT WARNING * * *
You feel very sick. The scorpion misses you.
The scorpion stings you but does no damage.
Natasha casts a spell at you.
You easily resist.
The scorpion stings you.
* * * LOW HITPOINT WARNING * * *
You closely miss the scorpion.
The scorpion is severely wounded.
* * * LOW HITPOINT WARNING * * *
You feel very sick. You block the scorpion's attack.
Natasha closely misses you. The scorpion closely misses you.
You closely miss the scorpion. You bite the scorpion. You drain its power.
You feel invigorated.
The scorpion is almost dead.
* * * LOW HITPOINT WARNING * * *
You feel sick. The scorpion stings you.
* * * LOW HITPOINT WARNING * * *
Natasha howls an incantation.
Natasha glows brightly for a moment.
Natasha casts a spell.
The scorpion stings you.
* * * LOW HITPOINT WARNING * * *
You are more poisoned.
The scorpion poisons you! The scorpion closely misses you.
It was a potion of curing.
Your system rejects the healing.
You feel better.
The scorpion stings you but does no damage.
Natasha mumbles some strange words.
The scorpion stings you.
* * * LOW HITPOINT WARNING * * *
You are lethally poisoned!
The scorpion poisons you!
The crimson imp blinks!
You feel very mighty all of a sudden.
You die...

..##### .. #.##.. ..
#.##.# .# ##.##.# #.#
......### #§# # #
##.##...######.###.###.#
##.##......§..§..#5...5.
........######.#.h...#.#
...###########.†@s.§...#
..)...........##s....###
.!..[.#######. #........
#####.# #.....### # #.#
###.#.# # #.# ...# #.#
..$# #<# ...# #.#


You could see 2 scorpions, Natasha and 2 crimson imps.

Vanquished Creatures
  Sigmund (D:4)
  Pargi (D:3)
  An ogre (D:4)
  A scorpion (D:4)
  A hound (D:4)
  Jessica (D:3)
  7 adders
  2 adder skeletons
  2 dart slugs
  3 orcs
  4 ball pythons
  3 endoplasms (D:1)
  4 giant cockroaches
  4 goblins
  2 hobgoblins (D:2)
  9 jackals
  8 kobolds
  3 bats
  14 frilled lizards
  3 rats
74 creatures vanquished.

Vanquished Creatures (others)
  A plant (D:1)
1 creature vanquished.

Grand Total: 75 creatures vanquished

Notes
Turn   | Place    | Note
-------+----------+-------------------------------------------
     0 | D:1      | lonewolfV2 the Vine Stalker Fighter began the quest for the
                  | Orb.
     0 | D:1      | Reached XP level 1. HP: 11/11 MP: 2/2
   308 | D:1      | Reached XP level 2. HP: 16/16 MP: 3/3
   578 | D:1      | Found a faded altar of an unknown god.
   594 | D:1      | Reached XP level 3. HP: 18/20 MP: 4/4
  1268 | D:2      | Gained mutation: Your natural rate of healing is unusually
                  | fast. [Vine Stalker growth]
  1268 | D:2      | Reached XP level 4. HP: 24/24 MP: 5/5
  1305 | D:2      | Identified the +0 robe of the Little Devil {+Blink rElec
                  | Str-3 Dex+6}
  2060 | D:3      | Noticed Jessica
  2068 | D:3      | Reached XP level 5. HP: 28/28 MP: 6/6
  2073 | D:3      | Killed Jessica
  2418 | D:3      | Noticed Pargi
  2439 | D:3      | Killed Pargi
  2440 | D:3      | Reached skill level 1 in Dodging
  2440 | D:3      | Reached XP level 6. HP: 32/32 MP: 7/7
  2943 | D:4      | Noticed Sigmund
  2954 | D:4      | Killed Sigmund
  2955 | D:4      | Reached skill level 1 in Stealth
  2983 | D:4      | Reached XP level 7. HP: 15/36 MP: 8/8
  3151 | D:4      | Identified the +2 leather armour of the Spheres {Drain
                  | rElec Str+2 Stlth+}
  3182 | D:4      | Noticed Natasha
  3202 | D:4      | HP: 1/36 [scorpion (1)]
  3204 | D:4      | Succumbed to a scorpion's poison

Illustrated notes

Levels and vault maps discovered:
D:1:      giann_bridges, layout_basic, hellmonk_ecumenical_altar_lost_god,
          minmay_lizard_pond
D:2:      layout_basic
D:3:      layout_loops_corners, uniq_pargi, uniq_jessica
D:4:      layout_loops_ring, uniq_crazy_yiuf_cottage, uniq_natasha,
          uniq_sigmund, uniq_edmund

Skill      XL: |  1  2  3  4  5  6  7 |
---------------+----------------------+-----
Fighting       | 3 |  3.4
Shields        | 3 4 |  4.2
Unarmed Combat | 3 4 |  4.9
Armour         | 3 |  3.0
Dodging        | 1 2 |  2.4
Stealth        | 1 |  1.8

Action                   |  1- 3 |  4- 6 |  7- 9 || total
-------------------------+-------+-------+-------++-------
Melee: Unarmed           |   134 |   130 |    24 ||   288
       Bite              |    29 |    42 |     8 ||    79
  Use: Scroll            |     2 |     3 |     2 ||     7
       Potion            |       |       |     2 ||     2
 Stab: Sleeping          |       |     1 |       ||     1
Armor: Scale mail        |   112 |     2 |       ||   114
       Robe              |       |    60 |    13 ||    73
Dodge: Dodged            |   100 |    90 |    22 ||   212
Block: Buckler           |    41 |    36 |    14 ||    91
